 Dungeon Crawl Stone Soup version 0.31-a0-1091-g283494c966 (webtiles) character file.

Game seed: 9531905459087753109

32 inmateoo the Poker (level 3, -15/28 HPs)
             Began as a Demonspawn Gladiator on Nov 28, 2023.
             Demolished by Terence
             ... wielding a +4 flail of holy wrath
              (21 damage)
             ... on level 1 of the Dungeon.
             The game lasted 00:01:18 (652 turns).

inmateoo the Poker (Demonspawn Gladiator)            Turns: 652, Time: 00:01:19

Health: -15/28     AC:  5    Str: 16    XL:     3   Next: 8%
Magic:  3/3        EV: 17    Int:  9    God:
Gold:   91         SH:  0    Dex: 14    Spells: 2/2 levels left

rFire   . . .        a - +0 trident
rCold   . . .        (no shield)
rNeg    . . .        b - +0 leather armour
rPois   .            c - +1 helmet
rElec   .            (no cloak)
rCorr   .            (no gloves)
SInv    .            (no boots)
Will    .....        (no amulet)
Stlth   +            g - +5 ring of evasion
HPRegen 0.24/turn    (no ring)
MPRegen 0.08/turn

%: no passive effects
@: no status effects
A: foul stench 1, demonic magic 1
a: no special abilities


You were on level 1 of the Dungeon.
You visited 1 branch of the dungeon, and saw 2 of its levels.

You collected 91 gold pieces.

Inventory:

Hand Weapons
 a - a +0 trident (weapon)
Missiles
 d - 3 throwing nets
 e - a javelin
 h - 3 curare-tipped darts (quivered)
Armour
 b - a +0 leather armour (worn)
 c - a +1 helmet (worn)
Jewellery
 g - a +5 ring of evasion (left hand)
 l - a ring of wizardry
Scrolls
 k - a scroll of summoning
Potions
 j - a potion of curing {unknown}


   Skills:
 + Level 2.3 Fighting
 * Level 3.2 Polearms
 - Level 1.7 Throwing
 + Level 0.9 Armour
 + Level 2.9 Dodging


You had 2 spell levels left.
You didn't know any spells.
Your spell library was empty.

Dungeon Overview and Level Annotations

Branches:
Dungeon (2/15)

Altars:

Shops:
D:2 =

Annotations:
D:1 Terence


Innate Abilities, Weirdness & Mutations

You may rarely emit foul miasma when damaged in melee.
Spells you cast may paralyse adjacent enemies.


Message History

The worm is heavily wounded.
You hit the worm.
The worm is severely wounded.
You barely miss the worm.
The worm is almost dead.
The worm completely misses you.
You hit the worm.
You kill the worm!
You see here a worm corpse.
h - 4 curare-tipped darts (gained 1)
You start resting.
HP restored.
You see here a frilled lizard corpse.
There is a stone staircase leading down here.
You climb downwards.
Level annotation: Terence Terence shouts!
You hear a bark! x2
A jackal comes into view. x2
Terence hits you with a +4 flail of holy wrath.
You convulse.
There is a stone staircase leading up here.
Terence misses you.
You climb upwards.
There is a stone staircase leading down here.
Throw: 4 darts (curare)
Press: ? - help, Q - select action, (/) - cycle Shift-Dir - straight line, f - Terence
Aim: Terence, wielding a +4 flail of holy wrath and wearing a +0 ring mail (60% to hit)
You throw a curare-tipped dart. The curare-tipped dart hits Terence.
Terence is poisoned.
Terence convulses.
Terence seems to slow down.
Terence is moderately wounded.
You closely miss Terence.
Terence is moderately wounded.
Terence hits you with a +4 flail of holy wrath!
Ouch! That really hurt!
* * * LOW HITPOINT WARNING * * *
You convulse!!
Ouch! That really hurt!
You die...
Terence says, "That felt goooood."

#.#####...## #.#
#.###..#
#....#.....###.#
#.###...
####........##.#
#..###..
#.....)..##.#
#......#
#.......>##.#
#..#..##
#.#.....###.#
##.##..#
#.#.....###.#
#.##...
#.....@..##.#
#....#.
#....@)..##.#
#.#..#.
##...†...##.#
#.#..#.
##.....###.#
#.#.... ##...##
#.# #.##..# ###†#
#.# #.##... #.#
#.# ##....##
#.####.###...#.##
###
##.#......#.#...##
###♣_♣###
#.........#.##....


You could see Terence (very poisoned, slow).

Vanquished Creatures
  A worm (D:1)
  A dart slug (D:1)
  2 bats (D:1)
  5 endoplasms (D:1)
  A goblin (D:1)
  5 hobgoblins (D:1)
  3 quokkas (D:1)
  2 ball pythons (D:1)
  A frilled lizard (D:1)
  A rat (D:1)
22 creatures vanquished.

Notes
Turn   | Place    | Note
-------+----------+-------------------------------------------
     0 | D:1      | inmateoo the Demonspawn Gladiator began the quest for the
                  | Orb.
     0 | D:1      | Reached XP level 1. HP: 16/16 MP: 1/1
   161 | D:1      | Gained mutation: You may rarely emit foul miasma when
                  | damaged in melee. [demonic ancestry]
   161 | D:1      | Reached XP level 2. HP: 21/22 MP: 2/2
   190 | D:1      | Reached skill level 3 in Polearms
   243 | D:1      | Found a faded altar of an unknown god.
   576 | D:2      | Found Bezipp's Jewellery Emporium.
   578 | D:2      | Noticed Terence
   607 | D:1      | Gained mutation: Spells you cast may paralyse adjacent
                  | enemies. [demonic ancestry]
   607 | D:1      | Reached XP level 3. HP: 18/28 MP: 3/3
   652 | D:1      | Demolished by Terence

Illustrated notes

Levels and vault maps discovered:
D:1:      tarquinn_simple_flora_water_c, layout_rooms,
          dreamdust_ecumenical_altar_hidden_monk_grotto, nrook_mini_vaults
D:2:      layout_basic, serial_shops, nicolae_shop_mannequins, shop,
          serial_corexii_hall, chequers_hall_statues_corner_a,
          chequers_hall_statues_wall_a, chequers_hall_statues_wall_a,
          corexii_hall_statues_i, uniq_crazy_yiuf_cottage, uniq_terence

Skill      XL: |  1  2 |
---------------+-------+-----
Polearms       | 3 |  3.2
Fighting       | |  2.3
Throwing       | |  1.7
Armour         | |  0.9
Dodging        | |  2.9

Action                     || total
---------------------------++-------
  Melee: Trident           ||    72
  Throw: Dart              ||     2
    Use: Scroll            ||     2
   Stab: Sleeping          ||     3
 Armour: Leather armour    ||    16
  Dodge: Dodged            ||    59

Table legend: (Time is in decaauts)
 A = Elapsed time spent in this place.
 B = Non-inter-level travel time spent in this place.
 C = Inter-level travel time spent in this place.
 D = Time resting spent in this place.
 E = Time spent auto-exploring this place.
 F = Levels seen in this place.
 G = Mean time per level.
                   A        B        C        D        E       F      G
               +--------+--------+--------+--------+--------+-----+--------+
         Total |    664 |    637 |     27 |     45 |    369 |   2 |  332.0 |
       Dungeon |    664 |    637 |     27 |     45 |    369 |   2 |  332.0 |
               +--------+--------+--------+--------+--------+-----+--------+

Top non-repeatable levels by time:
     D:1: 652 daAuts
     D:2: 11 daAuts
